 Dungeon Crawl Stone Soup version 0.20-a0-449-g96be121 (webtiles) character file.

4468 Gorice the Fighter (level 10, -3/85 HPs)
             Began as a Demonspawn Arcane Marksman on Jan 7, 2017.
             Slain by a six-headed hydra (9 damage)
             ... on level 7 of the Dungeon.
             The game lasted 01:02:28 (12685 turns).

Gorice the Fighter (Demonspawn Arcane Marksman)    Turns: 12685, Time: 01:02:29

Health: -3/85      AC: 10    Str: 14    XL:     10   Next: 15%
Magic:  11/11      EV: 15    Int: 15    God:
Gold:   334        SH:  0    Dex: 18    Spells: 10/11 levels left

rFire  . . .     SeeInvis +     b - +0 hunting sling
rCold  . . .     Gourm    .     i - +0 scale mail
rNeg   . . .     Faith    .     (no shield)
rPois  +         Spirit   .     (no helmet)
rElec  .         Reflect  .     d - +0 cloak
rCorr  .         Harm     +     (no gloves)
MR     .....                    D - +0 pair of boots
Stlth  +.........               N - amulet of harm
                                K - ring of poison resistance
                                L - ring of see invisible

@: agile, about to teleport
A: talons 1, molten scales 1, powered by death 1, powered by pain 3
a: no special abilities


You were on level 7 of the Dungeon.
You were not hungry.

You visited 2 branches of the dungeon, and saw 9 of its levels.

You collected 614 gold pieces.
You spent 280 gold pieces at shops.

Inventory:

Hand Weapons
 a - a +3 hand axe of venom
   (You took it off an orc on level 3 of the Dungeon)
 b - a +0 hunting sling (weapon)
 c - a +2 hand axe of chopping
   (You took it off an orc on level 3 of the Dungeon)
 v - a +1 dagger of electrocution
   (You took it off an orc wizard on level 8 of the Dungeon)
 A - a +0 dagger of venom
   (You took it off a goblin on level 2 of the Dungeon)
 C - a +0 war axe
 I - the +4 Vampire's Tooth {vamp}
   (You found it on level 6 of the Dungeon)

   It inflicts no extra harm, but heals its wielder when it wounds a living foe.
Missiles
 e - 29 sling bullets (quivered)
 F - 3 javelins
 Y - a throwing net
 Z - 190 stones
Armour
 d - a +0 cloak (worn)
 i - a +0 scale mail (worn)
 m - a +0 plate armour
 n - the +15 Maxwell's patent armour {-Cast -Tele rElec MR+ rCorr}
   (You found it on level 7 of the Dungeon)

   It insulates you from electricity.
   It affects your resistance to hostile enchantments.
   It prevents spellcasting.
   It prevents most forms of teleportation.
   It protects you from acid and corrosion.
 B - a +0 chain mail
 D - a +0 pair of boots (worn)
 O - a +1 leather armour of poison resistance
   (You took it off an orc on level 5 of the Dungeon)
Magical Staves
 k - an uncursed staff of cold
Jewellery
 u - an uncursed amulet of magic regeneration
 K - a ring of poison resistance (right hand)
 L - a ring of see invisible (left hand)
 N - an amulet of harm (around neck)
 Q - an uncursed amulet of faith {!P}
Wands
 o - a wand of confusion (24/48)
 x - a wand of polymorph (7/24)
 J - a wand of flame (12/48)
Scrolls
 r - a scroll of identify
 w - a scroll of enchant weapon
 y - a scroll of blinking
 H - a scroll of fog
 P - 2 scrolls of magic mapping {!r}
Potions
 j - 4 potions of flight
 q - a potion of resistance {!q}
 z - 4 potions of brilliance {!q}
 G - a potion of haste {!q}
 M - a potion of might {!q}
Books
 p - a book of Debilitation
Comestibles
 f - 7 bread rations {!e}
 g - 2 beef jerkies
 h - 2 meat rations {!e}
 l - 7 fruits
 t - 12 chunks of flesh


   Skills:
 + Level 9.9 Fighting
 * Level 5.7 Axes
 - Level 8.6 Throwing
 - Level 1.7 Dodging
 - Level 1.0 Spellcasting
 - Level 3.0 Hexes


You had 10 spell levels left.
You knew the following spells:

 Your Spells              Type           Power        Failure   Level  Hunger
a - Corona                Hex            #......      34%         1    ##.....


Dungeon Overview and Level Annotations

Branches:
Dungeon (8/15)             Temple (1/1) D:6
   Lair: D:8-11

Altars:
Ashenzari
Cheibriados
Dithmenos
Elyvilon
Fedhas
Gozag
Hepliaklqana
Kikubaaqudgha
Makhleb
Nemelex Xobeh
Qazlal
Ru
Sif Muna
Trog
Uskayaw
Vehumet
Xom
Yredelemnul
Zin

Shops:
D:4 =

Annotations:
D:6 BattleRest's ghost, novice MiFi


Innate Abilities, Weirdness & Mutations

You have sharp toenails.
You are partially covered in molten scales. (AC +2)
You regenerate a little health from kills.
You are powered by pain.


Message History

a dagger; a robe; an orc skeleton You see here a giant spiked club.
There is an open door, spattered with blood here.
You see here an arrow.
You see here an arrow.
An orc and an orc priest come into view.
The orc priest shouts!
The orc priest invokes the aid of Beogh against you.
You struggle to resist.
An orc priest comes into view. It is wielding a hand axe.
The orc shouts!
The orc priest mumbles some strange prayers to Beogh against you.
Beogh smites you!
* * * LOW HITPOINT WARNING * * *
Damage: 11 (max 11)
You see here an arrow.
The orc priest looks braver for a moment.
There is a stone staircase leading up here.
The six-headed hydra bites you.
* * * LOW HITPOINT WARNING * * *
The six-headed hydra misses you.
The six-headed hydra bites you but does no damage.
The six-headed hydra misses you. The six-headed hydra bites you!
* * * LOW HITPOINT WARNING * * *
The six-headed hydra bites you but does no damage.
You climb upwards.
Some of the chunks of flesh in your inventory have rotted away.
There is a stone staircase leading down here.
Unknown command.
Unknown command.
Unknown command.
Unknown command.
Unknown command.
Unknown command.
Unknown command.
Damage: 10 (max 11) Unknown command.
Unknown command.
Unknown command.
Unknown command.
Unknown command.
Unknown command.
Really read
s - a scroll of teleportation {!r}?
As you read the scroll of teleportation {!r}, it crumbles to dust.
You feel strangely unstable. The six-headed hydra bites you!
* * * LOW HITPOINT WARNING * * *
The six-headed hydra barely misses you.
The six-headed hydra completely misses you.
The six-headed hydra bites you!
You die...

.# #.############.# ####'#######
.####.........#....###...........
....#............................
....'....###.##....###...........
....#.##.#.<..........[..........
.......#.#...##..................
.....###.#...##.......###.##..##.
.............#######......###.##.
...........#...D@................
...#...#.###.####..#......####.#.
...##....###.# #..#......# #[).
...###..)..#.####..#......# ##).
...# #.............#......# #..
...# #.............#......# #..
...# #........)....#......# ##.
...# #.......)............# #.
...###.............##############


You could see a six-headed hydra.

Vanquished Creatures
  A hippogriff (D:7)
  Sigmund (D:4)
  Eustachio (D:5)
  A hungry ghost (D:8)
  A sky beast (D:6)
  2 ice beasts (D:7)
  3 phantoms
  5 ogres
  4 centaurs
  A bullfrog (D:7)
  A gnoll sergeant (D:3)
  A scorpion (D:5)
  6 killer bees (D:7)
  A vampire bat (D:6)
  4 howler monkeys
  A bullfrog zombie (D:6)
  A centaur zombie (D:8)
  A crimson imp (D:7)
  4 hounds
  21 orc wizards
  A jelly (D:8)
  A centaur skeleton (D:4)
  5 orc priests
  4 bullfrog skeletons
  5 gnoll shamans (D:3)
  2 iguanas (D:7)
  2 worker ants
  A hound skeleton (D:8)
  35 gnolls
  8 adders
  A shadow imp (D:7)
  An adder skeleton (D:6)
  An adder zombie (D:5)
  3 worms
  A dart slug (D:2)
  5 leopard geckos
  39 orcs
  9 giant cockroaches
  10 goblins
  2 hobgoblins
  21 jackals
  4 kobolds
  5 quokkas
  11 bats
  6 frilled lizards
  A jackal skeleton (D:4)
  9 rats
254 creatures vanquished.

Notes
Turn   | Place    | Note
-------+----------+-------------------------------------------
     0 | D:1      | Gorice the Demonspawn Arcane Marksman began the quest for the Orb.
     0 | D:1      | Reached XP level 1. HP: 15/15 MP: 2/2
   419 | D:1      | Reached skill level 2 in Throwing
   465 | D:1      | Gained mutation: You sometimes gain a little power by taking damage. [demonic ancestry]
   465 | D:1      | Reached XP level 2. HP: 20/22 MP: 3/3
   626 | D:1      | HP: 5/22 [leopard gecko (2)]
   889 | D:1      | Reached skill level 2 in Fighting
  1531 | D:2      | HP: 6/23 [poisoned by an adder]
  1782 | D:2      | Reached XP level 3. HP: 28/28 MP: 4/4
  2323 | D:2      | Reached skill level 3 in Fighting
  2323 | D:2      | Gained mutation: You sometimes gain power by taking damage. [demonic ancestry]
  2323 | D:2      | Reached XP level 4. HP: 20/35 MP: 2/5
  2471 | D:2      | Found a hazy altar of Hepliaklqana.
  2540 | D:2      | Reached skill level 3 in Throwing
  2768 | D:2      | Found an ancient bone altar of Kikubaaqudgha.
  3589 | D:3      | Gained mutation: You are partially covered in molten scales. (AC +2) [demonic ancestry]
  3589 | D:3      | Reached XP level 5. HP: 21/41 MP: 6/6
  4137 | D:3      | Reached skill level 4 in Throwing
  4323 | D:3      | Reached skill level 4 in Fighting
  4391 | D:3      | Reached XP level 6. HP: 48/48 MP: 7/7
  4846 | D:3      | Reached skill level 5 in Throwing
  4960 | D:3      | Reached skill level 5 in Fighting
  5101 | D:3      | Reached XP level 7. HP: 38/56 MP: 8/8
  5319 | D:3      | HP: 16/56 [gnoll (5)]
  6257 | D:4      | Found Tegi's Jewellery Boutique.
  6310 | D:4      | Found a shadowy altar of Dithmenos.
  6330 | D:4      | Found a glowing silver altar of Zin.
  6361 | D:4      | Found a stormy altar of Qazlal.
  6388 | D:4      | Reached skill level 6 in Throwing
  6389 | D:4      | Reached skill level 6 in Fighting
  6391 | D:4      | Found a shadowy altar of Dithmenos.
  6409 | D:4      | Found a snail-covered altar of Cheibriados.
  6412 | D:4      | Noticed Sigmund
  6540 | D:3      | Gained mutation: You are powered by pain. [demonic ancestry]
  6540 | D:3      | Reached XP level 8. HP: 36/65 MP: 9/9
  6930 | D:4      | Killed Sigmund
  6930 | D:4      | Reached skill level 7 in Fighting
  7211 | D:5      | Entered Level 5 of the Dungeon
  7352 | D:4      | Reached skill level 7 in Throwing
  7389 | D:4      | Bought an uncursed ring of poison resistance for 280 gold pieces
  8041 | D:6      | Found a white marble altar of Elyvilon.
  8084 | D:6      | Noticed BattleRest's ghost (novice MiFi)
  8104 | D:6      | Found a staircase to the Ecumenical Temple.
  8319 | D:6      | Found a deep blue altar of Sif Muna.
  8323 | D:6      | Found a basalt altar of Yredelemnul.
  8323 | D:6      | Found a burning altar of Makhleb.
  8862 | D:6      | Noticed Eustachio
  8892 | D:5      | Killed Eustachio
  8892 | D:5      | Reached skill level 8 in Fighting
  9158 | D:6      | Gained mutation: You have sharp toenails. [demonic ancestry]
  9158 | D:6      | Reached XP level 9. HP: 55/74 MP: 10/10
  9162 | D:6      | Reached skill level 8 in Throwing
  9444 | Temple   | Entered the Ecumenical Temple
  9717 | D:7      | HP: 22/75 [centaur/arrow (16)]
  9721 | D:7      | HP: 10/75 [centaur/arrow (7)]
  9723 | D:7      | HP: 4/75 [centaur (3)]
  9728 | D:7      | HP: 14/75 [centaur (4)]
  9728 | D:7      | HP: 6/75 [centaur (8)]
  9734 | D:7      | HP: 1/75 [centaur/arrow (3)]
  9742 | D:7      | Reached skill level 9 in Fighting
  9742 | D:7      | Reached skill level 1 in Axes
  9833 | D:7      | HP: 20/76 [hippogriff (9)]
  9837 | D:7      | HP: 7/76 [hippogriff (4)]
  9838 | D:7      | HP: 2/76 [hippogriff (3)]
  9840 | D:7      | Reached skill level 2 in Axes
 10304 | D:7      | Reached skill level 3 in Axes
 10950 | D:7      | HP: 20/77 [orc/flail (6)]
 11364 | D:7      | Reached skill level 4 in Axes
 11406 | D:7      | HP: 18/77 [centaur (6)]
 12173 | D:8      | Reached skill level 5 in Axes
 12173 | D:8      | Gained mutation: You regenerate a little health from kills. [demonic ancestry]
 12173 | D:8      | Reached XP level 10. HP: 32/84 MP: 11/11
 12657 | D:8      | Noticed a six-headed hydra
 12682 | D:8      | HP: 21/85 [six-headed hydra (8)]
 12685 | D:7      | HP: 6/85 [six-headed hydra (15)]
 12685 | D:7      | Slain by a six-headed hydra

Vault maps used:
D:1:      minmay_arrival_four_circles, grunt_decor_one_mirror
D:2:      lemuel_doored_altar, lemuel_coloured_pillars_altar
D:3:      lemuel_castle_with_subvaults, minmay_liquid_box, corexii_corridor_pit,
          hangedman_decor_opposing
D:4:      grunt_qazlal_clouds, kennysheep_mini, lemuel_crystal_altar,
          kennysheep_little_box, first_bread, serial_shops, shop,
          grunt_dithmenos_smoke_and_mirrors, uniq_sigmund
D:6:      lemuel_round_altar, grunt_temple_overflow_open,
          minmay_guarded_unrand_vampires_tooth, uniq_eustachio
D:7:      minmay_flawed_box
D:8:      hangedman_cross_veins, tso_altar
Temple:   jpeg_temple_island

Skill      XL: |  1  2  3  4  5  6  7  8  9 |
---------------+----------------------------+-----
Throwing       | 2 3 4 5 6 7 8 |  8.6
Fighting       | 2 3 4 5 6 8 9 |  9.9
Axes           | 5 |  5.7
Dodging        | |  1.7
Spellcasting   | |  1.0
Hexes          | |  3.0

Action                   |  1- 3 |  4- 6 |  7- 9 | 10-12 || total
-------------------------+-------+-------+-------+-------++-------
Melee: Unarmed           |   140 |       |       |       ||   140
       Spear             |    14 |       |       |       ||    14
       Dagger            |       |    90 |       |       ||    90
       Halberd           |       |    36 |       |       ||    36
       Hand axe          |       |   129 |   511 |    70 ||   710
       Kick              |       |       |    18 |       ||    18
 Fire: Hunting sling     |       |    77 |    57 |     5 ||   139
Throw: Javelin           |    26 |       |     9 |     3 ||    38
       Throwing net      |     7 |       |       |       ||     7
 Cast: Corona            |     7 |    22 |     1 |       ||    30
Evoke: Wand              |       |       |     3 |       ||     3
  Use: Scroll            |     3 |     8 |    11 |     1 ||    23
       Potion            |       |       |     4 |       ||     4
 Stab: Held in net/web   |     2 |       |       |       ||     2
  Eat: Chunk             |     5 |    11 |    20 |     2 ||    38
       Meat ration       |       |       |     1 |       ||     1
       Beef jerky        |       |       |       |     1 ||     1
Armor: Scale mail        |    86 |   102 |   332 |    33 ||   553
       Robe              |     3 |       |       |       ||     3
Dodge: Dodged            |    65 |   138 |   278 |    37 ||   518

Table legend:
 A = Turns spent in this place as a percentage of turns spent in the entire game.
 B = Non-inter-level travel turns spent in this place as a percentage of non-inter-level travel turns spent in the entire game.
 C = Inter-level travel turns spent in this place as a percentage of turns spent in this place.
 D = Turns resting spent in this place as a percentage of non-inter-level travel turns spent in this place.
 E = Turns spent auto-exploring this place as a percentage of non-inter-level travel turns spent in this place.
 F = Non-inter-level travel turns spent in this place divided by the number of levels of this place that you've seen.
                   A       B       C       D       E      F
               +-------+-------+-------+-------+-------+----------------------
         Total | 100.0 | 100.0 |   0.5 |   3.6 |   3.0 | 550.1
       Dungeon |  99.6 |  99.6 |   0.5 |   3.6 |   3.0 | 616.5
        Temple |   0.4 |   0.4 |   5.0 |   0.0 |   0.0 |  19.0
               +-------+-------+-------+-------+-------+----------------------

Vault maps used:
D:1:      minmay_arrival_four_circles, grunt_decor_one_mirror
D:2:      lemuel_doored_altar, lemuel_coloured_pillars_altar
D:3:      lemuel_castle_with_subvaults, minmay_liquid_box, corexii_corridor_pit,
          hangedman_decor_opposing
D:4:      grunt_qazlal_clouds, kennysheep_mini, lemuel_crystal_altar,
          kennysheep_little_box, first_bread, serial_shops, shop,
          grunt_dithmenos_smoke_and_mirrors, uniq_sigmund
D:6:      lemuel_round_altar, grunt_temple_overflow_open,
          minmay_guarded_unrand_vampires_tooth, uniq_eustachio
D:7:      minmay_flawed_box
D:8:      hangedman_cross_veins, tso_altar
Temple:   jpeg_temple_island
